 Dungeon Crawl Stone Soup version 0.19-a0-916-g8ae7e35 (webtiles) character file.

528 Implojin the Cleaver (level 7, 0/57 HPs)
             Began as a Minotaur Fighter on July 6, 2016.
             Slain by a centaur (4 damage)
             ... on level 6 of the Dungeon.
             The game lasted 00:03:49 (614 turns).

Implojin the Cleaver (Minotaur Fighter)              Turns: 614, Time: 00:03:49

Health: 0/57       AC:  6    Str: 21    XL:     7   Next: 3%
Magic:  6/6        EV: 12    Int:  5    God:
Gold:   13         SH: 10    Dex: 16    Spells: 0 memorised, 6 levels left

rFire  . . .     SeeInvis .     a - +0 war axe
rCold  . . .     Gourm    .     b - +0 scale mail
rNeg   + . .     Faith    .     c - +0 shield
rPois  .         Spirit   .     (helmet restricted)
rElec  .         Dismiss  .     (no cloak)
rCorr  .         Reflect  .     (no gloves)
SustAt .         Harm     .     (no boots)
MR     .....                    g - amulet of magic regeneration
Stlth  ++........               t - ring of stealth
                                h - ring of positive energy

@: agile, not resistant to hostile enchantments, unstealthy
A: retaliatory headbutt, horns 2
a: no special abilities


You were on level 6 of the Dungeon.
You were not hungry.

You visited 1 branch of the dungeon, and saw 6 of its levels.

You collected 13 gold pieces.

Inventory:

Hand Weapons
 a - a +0 war axe (weapon)
 u - a +3 blowgun
Missiles
 w - 45 poisoned needles
Armour
 b - a +0 scale mail (worn)
 c - a +0 shield (worn)
Jewellery
 g - an amulet of magic regeneration (around neck)
 h - a ring of positive energy (left hand)
 s - an uncursed ring of magical power
 t - a ring of stealth (right hand)
Wands
 l - a wand of iceblast (6/15)
 q - a wand of flame (33/48)
Scrolls
 d - a scroll of amnesia {unknown}
 e - 2 scrolls of immolation
 i - a scroll of fog {unknown}
 o - a scroll of fear {unknown}
 r - 3 scrolls of identify {unknown}
Potions
 k - a potion of curing {unknown}
 m - a potion of heal wounds
 p - a potion of cancellation
Comestibles
 f - 4 bread rations
 n - a beef jerky


   Skills:
 - Level 3.6 Fighting
 * Level 9.2 Axes
 - Level 3.6 Armour
 - Level 3.6 Shields


You had 6 spell levels left.
You didn't know any spells.

Dungeon Overview and Level Annotations

Branches:
Dungeon (6/15)
 Temple: D:4-7

Altars:


Innate Abilities, Weirdness & Mutations

You reflexively headbutt those who attack you in melee.
You have a pair of horns on your head.


Message History

* * * LOW HITPOINT WARNING * * *
You see here an arrow.
Unknown command.
The centaur shoots an arrow.
The arrow hits you.
* * * LOW HITPOINT WARNING * * *
The centaur shoots an arrow.
You block the arrow.
You see here 2 arrows.
The centaur unwields an uncursed shortbow.
The centaur hits you.
* * * LOW HITPOINT WARNING * * *
You hit the centaur.
The centaur is lightly wounded.
The centaur barely misses you.
You barely miss the centaur.
The centaur is lightly wounded.
The centaur hits you.
* * * LOW HITPOINT WARNING * * *
The centaur hits you.
* * * LOW HITPOINT WARNING * * *
Unknown command.
You hit the centaur.
The centaur is moderately wounded.
The centaur completely misses you.
The centaur hits you but does no damage.
You hit the centaur.
The centaur is heavily wounded.
You block the centaur's attack.
Your shield prevents you from hitting the centaur.
The centaur is heavily wounded.
You block the centaur's attack. The centaur barely misses you.
You hit the centaur.
The centaur is heavily wounded.
The centaur barely misses you. You furiously retaliate!
You headbutt the centaur. The centaur hits you!
* * * LOW HITPOINT WARNING * * *
Unknown command.
You barely miss the centaur. Your headbutt misses the centaur.
The centaur is severely wounded.
The centaur hits you.
You die...

...............
.#...........##.
#.................. .
#................# ..
#...............# ##...
#$...$...........##.....
#..........(.........#
..###......((†......##
.............(†(@c...#
<..............#.....#
........#♣..####♣♣#$...#
........##P†.P# #...
.........#P..P## #.
.....###.##..♣)## ..####
#..#♣♣).(# ♣P ..# #..#
♣))(♣# P♣# ..# ####
#♣♣((♣##♣P#


You could see a centaur.

Vanquished Creatures
  A sky beast (D:6)
  A big kobold (D:6)
  A giant frog (D:6)
  2 crimson imps
  An orc priest (D:5)
  An iguana (D:4)
  4 worker ants
  3 adders
  An ooze (D:6)
  A worm (D:4)
  A dart slug (D:2)
  A giant gecko (D:2)
  8 orcs
  A giant cockroach (D:1)
  3 hobgoblins
  20 kobolds
  2 plants (D:6)
52 creatures vanquished.

Vanquished Creatures (others)
  A kobold (D:6)
1 creature vanquished.

Grand Total: 53 creatures vanquished

Notes
Turn   | Place    | Note
-------+----------+-------------------------------------------
     0 | D:1      | Implojin the Minotaur Fighter began the quest for the Orb.
     0 | D:1      | Reached XP level 1. HP: 19/19 MP: 0/0
   109 | D:2      | Reached skill level 3 in Axes
   131 | D:1      | Reached XP level 2. HP: 20/26 MP: 1/1
   271 | D:4      | Reached skill level 4 in Axes
   283 | D:4      | Reached XP level 3. HP: 15/31 MP: 2/2
   305 | D:4      | Reached skill level 5 in Axes
   305 | D:4      | Reached XP level 4. HP: 20/39 MP: 3/3
   306 | D:4      | Reached skill level 6 in Axes
   308 | D:4      | Reached XP level 5. HP: 19/45 MP: 4/4
   355 | D:5      | Entered Level 5 of the Dungeon
   408 | D:5      | Reached skill level 7 in Axes
   506 | D:6      | Reached XP level 6. HP: 7/51 MP: 5/5
   577 | D:6      | Noticed a sky beast
   585 | D:6      | Reached skill level 8 in Axes
   591 | D:6      | Killed a sky beast
   591 | D:6      | Reached skill level 9 in Axes
   602 | D:6      | Reached XP level 7. HP: 28/57 MP: 6/6
   614 | D:6      | Slain by a centaur

Vault maps used:
D:1:      dpeg_arrival_chambers_temple_mockup, minmay_misc_feat_tower,
          st_stairs_5, minivault_14
D:3:      first_bread, uniq_jessica, uniq_grinder
D:4:      minitemple, uniq_natasha
D:5:      grunt_temple_overflow_holy_war, overflow_temple_1_default,
          kennysheep_mini, amethyst_overflow_temple_binary, uniq_eustachio
D:6:      kennysheep_kobold_camp

Skill      XL: |  1  2  3  4  5  6 |
---------------+-------------------+-----
Axes           | 3 4 5 6 7 9 |  9.2
Fighting       | |  3.6
Armour         | |  3.6
Shields        | |  3.6

Action                   |  1- 3 |  4- 6 |  7- 9 || total
-------------------------+-------+-------+-------++-------
Melee: War axe           |    30 |    75 |     7 ||   112
       Headbutt          |     4 |     9 |       ||    13
  Use: Potion            |     1 |     3 |       ||     4
       Scroll            |       |     1 |       ||     1
Armor: Scale mail        |    19 |    33 |     1 ||    53
Dodge: Dodged            |     6 |    32 |     6 ||    44
Block: Shield            |    16 |    50 |     5 ||    71

Table legend:
 A = Turns spent in this place as a percentage of turns spent in the entire game.
 B = Non-inter-level travel turns spent in this place as a percentage of non-inter-level travel turns spent in the entire game.
 C = Inter-level travel turns spent in this place as a percentage of turns spent in this place.
 D = Turns resting spent in this place as a percentage of non-inter-level travel turns spent in this place.
 E = Turns spent auto-exploring this place as a percentage of non-inter-level travel turns spent in this place.
 F = Non-inter-level travel turns spent in this place divided by the number of levels of this place that you've seen.
                   A       B       C       D       E      F
               +-------+-------+-------+-------+-------+----------------------
         Total | 100.0 | 100.0 |   0.0 |   0.0 |   0.0 | 108.8
       Dungeon | 100.0 | 100.0 |   0.0 |   0.0 |   0.0 | 108.8
               +-------+-------+-------+-------+-------+----------------------

Table legend:
 A = Kills in this place as a percentage of kills in entire the game.
 B = Kills by you in this place as a percentage of kills by you in the entire game.
 C = Kills by friends in this place as a percentage of kills by friends in the entire game.
 D = Other kills in this place as a percentage of other kills in the entire game.
 E = Experience gained in this place as a percentage of experience gained in the entire game.
 F = Experience gained in this place divided by the number of levels of this place that you have seen.
                   A       B       C       D       E      F
               +-------+-------+-------+-------+-------+----------------------
         Total | 100.0 | 100.0 |  -nan |  -nan | 100.0 | 125.8
       Dungeon | 100.0 | 100.0 |  -nan |  -nan | 100.0 | 125.8
               +-------+-------+-------+-------+-------+----------------------
